 Dungeon Crawl Stone Soup version 0.32-a0-361-g289a535e89 (webtiles) character file.

Game seed: 7346785577614412911

2921 ytrimaz the Protected (level 9, -2/65 HPs)
             Began as a Coglin Gladiator on Feb 19, 2024.
             Was a Believer of Ashenzari.
             Asphyxiated
             ... on level 8 of the Dungeon.
             The game lasted 00:07:10 (6272 turns).

ytrimaz the Protected (Coglin Gladiator)            Turns: 6272, Time: 00:07:11

Health: -2/65      AC:  9    Str: 19    XL:     9   Next: 79%
Magic:  9/9        EV: 17    Int:  8    God:    Ashenzari [**....]
Gold:   55         SH:  0    Dex: 15    Spells: 8/8 levels left

rFire   . . .        o - +2 mace (heavy) {Weicve}
rCold   . . .        x - +3 flail (holy) {Chinhae}
rNeg    . . .        i - +0 ring mail
rPois   .            c - +1 helmet of Ashenzari's Vision {Sorc, Self} (curse)
rElec   .            (no cloak)
rCorr   .            (no gloves)
SInv    +            (no boots)
Will    .....        z - amulet of the acrobat
Stlth   +            f - ring "Share My Loss" {EV+5, Self, Comp} (curse)
HPRegen 0.30/turn    g - ring of Panopticon {Fly, Comp, Dev} (curse)
MPRegen 0.11/turn

%: acrobat
@: lethally poisoned (-2 -> -36), weakened, flying, mesmerised, revved,
stiff-legged, very slow
A: off-hand wielding, slow wielding, warmup strikes, warmup strides
a: Renounce Religion, Curse Item, Shatter the Chains


You were on level 8 of the Dungeon.
You worshipped Ashenzari.
Ashenzari was pleased with you.
You visited 2 branches of the dungeon, and saw 9 of its levels.

You collected 393 gold pieces.
You spent 338 gold pieces at shops.


Innate Abilities, Weirdness & Mutations

You can wield a second weapon in your off-hand.
It takes a long time for you to wield or remove held weapons.
Your first few attacks do less damage.
Your first movements take longer.


   Skills:
 - Level 2.4(3.8) Fighting
 - Level 5.9(7.8) Axes
 + Level 7.0(7.9) Maces & Flails
 - Level 1.7 Throwing
 + Level 8.4 Armour
 - Level 2.6 Dodging


You had 8 spell levels left.
You didn't know any spells.
Your spell library contained the following spells:

 Spells                   Type           Power      Damage    Failure   Level
 Dazzling Flash           Conj/Hex       0%         N/A       89%         3
 Mephitic Cloud           Conj/Alch/Air  0%         N/A       89%         3
 Curse of Agony           Necr           0%         N/A       100%        5
 Silence                  Hex/Air        0%         N/A       100%        5

Inventory:

Hand Weapons
 a - a +0 war axe {Belessunu}
 b - a +0 hand axe {Sextus}
   (You found it on level 2 of the Dungeon)
 o - a +2 heavy mace (weapon) {Weicve}
   (You took it off an orc on level 4 of the Dungeon)
 p - a +3 mace of draining {Prasit}
   (You took it off an orc on level 4 of the Dungeon)
 q - a +2 mace of protection {Rabni}
   (You took it off an orc on level 4 of the Dungeon)
 t - a +1 mace of protection {Chisato}
   (You found it on level 5 of the Dungeon)
 w - a +1 flail of draining {Guillermo}
   (You took it off a gnoll on level 5 of the Dungeon)
 x - a +3 flail of holy wrath (worn) {Chinhae}
   (You took it off Edmund on level 5 of the Dungeon)
 E - a +3 flail of protection
   (You took it off a gnoll on level 7 of the Dungeon)
Missiles
 d - 4 throwing nets (quivered)
 e - a javelin
Armour
 c - the cursed +1 helmet of Ashenzari's Vision (worn) {Sorc, Self}

   It has a curse which improves the following skills: Sorcery: Conjurations and
   Alchemy.
   Introspection: Fighting and Spellcasting.
 i - a +0 ring mail (worn)
   (You found it on level 1 of the Dungeon)
Jewellery
 f - the cursed ring "Share My Loss" (left grasper) {EV+5, Self, Comp}
   (You found it on level 1 of the Dungeon)

   [ring of evasion]

   EV+5:      It affects your evasion (+5).
   It has a curse which improves the following skills: Introspection: Fighting
   and Spellcasting.
   Companions: Summonings and Necromancy.
 g - the cursed ring of Panopticon (right grasper) {Fly, Comp, Dev}
   (You found it on level 3 of the Dungeon)

   [ring of flight]

   Fly:       It grants you flight.
   It has a curse which improves the following skills: Companions: Summonings
   and Necromancy.
   Devices:   Evocations and Shapeshifting.
 j - a ring of fire
   (You found it on level 3 of the Dungeon)
 m - a ring of fire
   (You found it on level 1 of the Dungeon)
 z - an amulet of the acrobat (around neck)
   (You found it on level 6 of the Dungeon)
 B - an amulet of reflection
   (You found it on level 6 of the Dungeon)
Scrolls
 h - 2 scrolls of immolation
 n - 2 scrolls of revelation
 r - a scroll of poison
 s - 5 scrolls of teleportation
 v - a scroll of fog
 y - a scroll of brand weapon
 C - a scroll of enchant armour
 D - a scroll of enchant weapon
Potions
 k - 3 potions of curing
 l - a potion of brilliance
 u - 2 potions of cancellation
 A - a potion of lignification
 F - a potion of heal wounds
 G - a potion of enlightenment
 H - a potion of invisibility

Dungeon Overview and Level Annotations

Branches:
Dungeon (8/15) Zot: 26930  Temple (1/1) D:4 Zot: 5998
   Lair: D:8-11

Altars:
Ashenzari
Cheibriados
Dithmenos
Elyvilon
Fedhas
Gozag
Hepliaklqana
Kikubaaqudgha
Makhleb
Nemelex Xobeh
Okawaru
Qazlal
Ru
Trog
Uskayaw
Vehumet
Wu Jian
Xom
Yredelemnul
Zin
The Shining One

Shops:
D:6 :   D:7 !!(:

Annotations:
D:8 Maggie

#.#.##.#
#⌠_.'
##......#
#####
#.......#
#.##)##.#
#.##.# .#
#.##.. #
#.###.#
#.###.#.#
#.@4@...#
#####....#
..... .


You could see Maggie (mesmerising) and an orange demon (curare).


Message History

You barely miss Amaemon with your +2 heavy mace.
You hit Amaemon with your +3 flail of holy wrath.
Amaemon convulses.
You feel very sick.
Amaemon hits you with a +1 demon whip of venom.
You are more poisoned.
Amaemon closely misses you. Amaemon barely misses you. 😮 HP[-8]
You take 8 damage, and now have 43/65 hp.
You sock Amaemon with your +2 heavy mace!
You miss Amaemon with your +3 flail of holy wrath.
You feel very sick.
Amaemon points at the orange demon and mumbles some strange words.
The orange demon's venom grows more potent. 😮 HP[-4]
You take 4 damage, and now have 39/65 hp.
Unknown command.
You sock Amaemon with your +2 heavy mace!
You thump Amaemon with your +3 flail of holy wrath!
Amaemon convulses!!
You feel very sick.
Maggie the Vainglorious comes into view.
She is wielding a +1 heavy glaive.
Amaemon barely misses you. Amaemon claws you but does no damage.
Amaemon tail-slaps you but does no damage.
The orange demon completely misses you. Amaemon misses you. x2
Amaemon tail-slaps you but does no damage.
You sock Amaemon with your +3 flail of holy wrath!
Amaemon convulses!
You miss Amaemon with your +2 heavy mace.
You feel sick. The orange demon misses you.
Amaemon hits you with a +1 demon whip of venom!
* * * LOW HITPOINT WARNING * * *
You are more poisoned.
Amaemon completely misses you.
Amaemon tail-slaps you but does no damage. 😨 HP[-11]
You take 11 damage, and now have 28/65 hp.
You feel better. The orange demon barely misses you.
Maggie gestures wildly while chanting.
Maggie attempts to bespell you! You resist with some effort.
Amaemon mumbles some strange words. 😮 HP[+9]
You regained 9 hp, and now have 37/65 hp.
You sock Amaemon with your +2 heavy mace!
You kill Amaemon!
The scorpion disappears in a puff of smoke! x2
Maggie gestures wildly while chanting.
Maggie attempts to bespell you!
You are mesmerised by Maggie!
The orange demon completely misses you.
Your Maces & Flails skill increases to level 7!
Your Armour skill increases to level 8!
Unknown command.
Maggie misses you. The orange demon barely misses you.
The orange demon hits you but does no damage.
The orange demon completely misses you. x2; Maggie misses you.
You see here a +1 demon whip of venom. 😮 HP[+1]
You hit the orange demon with your +2 heavy mace.
You hit the orange demon with your +3 flail of holy wrath.
The orange demon convulses.
The orange demon closely misses you. The orange demon hits you. 😮 HP[-2]
You take 2 damage, and now have 36/65 hp.
Unknown command.
You barely miss the orange demon with your +3 flail of holy wrath.
You sock the orange demon with your +2 heavy mace!
Maggie closely misses you. The orange demon completely misses you.
The orange demon hits you. The orange demon stings you!
* * * LOW HITPOINT WARNING * * *
The orange demon hits you.
* * * LOW HITPOINT WARNING * * *
You feel your attacks grow feeble. 😨 HP[-13]
You take 13 damage, and now have 23/65 hp.
You hit the orange demon with your +2 heavy mace.
You sock the orange demon with your +3 flail of holy wrath!
The orange demon convulses.
Maggie closely misses you. The orange demon misses you.
The orange demon hits you but does no damage.
You feel better.
Maggie mumbles some strange words.
Maggie draws you further into her thrall.
The orange demon stings you but does no damage.
The orange demon hits you.
* * * LOW HITPOINT WARNING * * *
You feel as though you will be weak longer. 😨 HP[+6]
You regained 6 hp, and now have 29/65 hp.
Unknown command.
You hit the orange demon with your +2 heavy mace.
You hit the orange demon with your +3 flail of holy wrath.
The orange demon convulses.
Maggie hits you from afar with a +1 heavy glaive!!
* * * LOW HITPOINT WARNING * * *
The orange demon stings you!
* * * LOW HITPOINT WARNING * * *
You are lethally poisoned!
You have difficulty breathing.
You die...

Skill      XL: |  1  2  3  4  5  6  7  8  9 |
---------------+----------------------------+-----
Armour         | 1 2 3 4 6 8 |  8.4
Axes           | 4 5 |  5.9
Maces & Flails | 3 5 7 |  7.0
Fighting       | |  2.4
Throwing       | |  1.7
Dodging        | |  2.6

Action                     |  1- 3 |  4- 6 |  7- 9 || total
---------------------------+-------+-------+-------++-------
  Melee: War axe           |    49 |    91 |       ||   140
         Hand axe          |       |    91 |       ||    91
         Mace              |       |    31 |   211 ||   242
         Flail             |       |       |    84 ||    84
 Invoke: Curse Item        |       |     1 |     2 ||     3
    Use: Scroll            |     4 |     1 |     3 ||     8
         Potion            |       |     2 |     2 ||     4
 Armour: Leather armour    |     9 |       |       ||     9
         Ring mail         |    15 |    58 |   130 ||   203
  Dodge: Dodged            |    74 |   149 |   213 ||   436

Levels and vault maps discovered:
D:1:      lightli_arrival_boilingwater, layout_basic,
          hellmonk_ecumenical_altar_blasted
D:2:      layout_rooms
D:3:      layout_loops_ring, mainiacjoe_overflow_24_doors, cheibriados_altar_2,
          minmay_fractal_squares_gapless_5, uniq_jessica
D:4:      layout_cave_pools, minmay_temple_entry_crystal_x
D:5:      layout_layer_cave, grunt_temple_overflow_open, hex_medium, uniq_pikel,
          uniq_edmund
D:6:      layout_basic, mainiacjoe_overflow_alcove_1, led_xom_imps,
          kennysheep_small_circle
D:7:      layout_loops_ring, trog_three_pillars_becter, serial_shops, shop,
          shop, nicolae_shop_bloodbath_and_beyond,
          nicolae_shop_tiny_statue_garden
D:8:      gammafunk_cloud_chamber, layout_loops_cross,
          gammafunk_temple_overflow_wave, minmay_small_thing, uniq_psyche,
          uniq_amaemon, uniq_maggie
Temple:   nicolae_temple_ecumenical_triangle

Notes
Turn   | Place    | Note
-------+----------+-------------------------------------------
     0 | D:1      | ytrimaz the Coglin Gladiator began the quest for the Orb.
     0 | D:1      | Reached XP level 1. HP: 16/16 MP: 1/1
     0 | D:1      | magus.rc [v1.9.6]
    61 | D:1      | Reached XP level 2. HP: 23/23 MP: 2/2
    98 | D:1      | Found a faded altar of an unknown god.
   441 | D:1      | Reached XP level 3. HP: 28/28 MP: 3/3
   505 | D:1      | Reached skill level 1 in Armour
   897 | D:2      | You pick up a book of the Senses and begin reading...
   897 | D:2      | You add the spells Dazzling Flash, Mephitic Cloud, Curse of
                  | Agony and Silence to your library.
   940 | D:2      | Identified the +1 leather armour "Cyitoac" {Int+4}
   947 | D:2      | Reached XP level 4. HP: 34/34 MP: 4/4
   987 | D:2      | Reached skill level 4 in Axes
  1030 | D:2      | Reached skill level 2 in Armour
  1395 | D:3      | Noticed a torpor snail
  1395 | D:3      | Noticed a torpor snail
  1395 | D:3      | Noticed a torpor snail
  1395 | D:3      | Found a snail-covered altar of Cheibriados.
  1475 | D:3      | HP: 5/34 [burnt (4)]
  1477 | D:3      | HP: 2/34 [burnt (1)]
  1478 | D:3      | Reached XP level 5. HP: 3/39 MP: 5/5
  1660 | D:3      | Noticed Jessica
  1664 | D:3      | Killed Jessica
  1846 | D:3      | Reached skill level 3 in Armour
  2032 | D:3      | Reached skill level 5 in Axes
  2032 | D:3      | Reached XP level 6. HP: 27/46 MP: 6/6
  2108 | D:3      | Found a broken altar of Ashenzari.
  2475 | D:3      | Became a worshipper of Ashenzari the Shackled
  2664 | D:4      | Found a staircase to the Ecumenical Temple.
  2693 | Temple   | Entered the Ecumenical Temple
  2777 | D:4      | Reached skill level 4 in Armour
  2777 | D:4      | Reached XP level 7. HP: 45/51 MP: 7/7
  3266 | D:5      | Entered Level 5 of the Dungeon
  3337 | D:5      | Found an ornate altar of the Wu Jian Council.
  3367 | D:5      | Found an ancient bone altar of Kikubaaqudgha.
  3367 | D:5      | Found a burning altar of Makhleb.
  3369 | D:5      | Found a blossoming altar of Fedhas.
  3370 | D:5      | Found an iron altar of Okawaru.
  3370 | D:5      | Found a basalt altar of Yredelemnul.
  3381 | D:5      | Reached skill level 1 in Maces & Flails
  3756 | D:5      | Reached skill level 2 in Maces & Flails
  3762 | D:5      | Reached skill level 5 in Armour
  3823 | D:5      | Noticed Pikel
  3830 | D:5      | HP: 12/51 [Pikel/+2 whip of freezing (2)]
  3831 | D:5      | Killed Pikel
  3832 | D:5      | Reached skill level 3 in Maces & Flails
  3832 | D:5      | Reached skill level 6 in Armour
  3832 | D:5      | Reached XP level 8. HP: 13/57 MP: 8/8
  3834 | D:5      | Reached skill level 4 in Maces & Flails
  4056 | D:5      | Reached * piety under Ashenzari
  4381 | D:5      | Noticed Edmund
  4389 | D:5      | Killed Edmund
  4407 | D:5      | Reached ** piety under Ashenzari
  4763 | D:6      | Reached skill level 5 in Maces & Flails
  4763 | D:6      | Reached XP level 9. HP: 31/65 MP: 9/9
  4764 | D:6      | Reached skill level 7 in Armour
  4874 | D:6      | Found Cuempyto's Book Shop.
  5308 | D:6      | Found a shimmering altar of Xom.
  5370 | D:6      | Found a radiant altar of Vehumet.
  5601 | D:7      | Found Orebluca's Distillery.
  5604 | D:7      | Reached skill level 6 in Maces & Flails
  5717 | D:7      | Bought a potion of heal wounds for 75 gold pieces
  5717 | D:7      | Bought a potion of curing for 45 gold pieces
  5717 | D:7      | Bought a potion of curing for 45 gold pieces
  5717 | D:7      | Bought a potion of curing for 45 gold pieces
  5723 | D:7      | Found a bloodstained altar of Trog.
  5775 | D:7      | Found Zukum's Weapon Shop.
  5829 | D:7      | Found Itoff's Book Boutique.
  6008 | D:7      | Found Fune's Distillery.
  6015 | D:7      | Bought a potion of invisibility for 128 gold pieces
  6066 | D:7      | Identified the +1 robe of Reason {Rampage Archmagi}
  6216 | D:8      | Found a white marble altar of Elyvilon.
  6216 | D:8      | Found a hide-covered altar of Uskayaw.
  6254 | D:8      | Noticed Amaemon
  6259 | D:8      | Noticed an orange demon
  6263 | D:8      | Noticed Maggie
  6266 | D:8      | Killed Amaemon
  6267 | D:8      | Reached skill level 7 in Maces & Flails
  6267 | D:8      | Reached skill level 8 in Armour
  6272 | D:8      | HP: 10/65 [Maggie/+1 heavy glaive (20)]
  6272 | D:8      | HP: 3/65 [orange demon[Amaemon] (7)]
  6272 | D:8      | Asphyxiated

Vanquished Creatures
  Amaemon (D:8)
  Pikel (D:5)
  Edmund (D:5)
  A black bear (D:7)
  An ice beast (D:6)
  A centaur (D:7)
  2 phantoms
  A lemure (D:5)
  4 scorpions
  4 crimson imps (D:6)
  4 hounds
  A bombardier beetle (D:3)
  2 jellies (D:5)
  3 orc priests
  Jessica (D:3)
  3 gnoll boudas
  An iguana (D:7)
  2 orc wizards
  2 sleepcaps
  17 gnolls
  9 adders
  A shadow imp (D:5)
  3 white imps (D:7)
  An ufetubus (D:6)
  4 ribbon worms
  18 orcs
  11 ball pythons
  8 endoplasms
  5 giant cockroaches
  7 goblins
  7 hobgoblins
  3 jackals (D:3)
  3 quokkas
  8 bats
  3 frilled lizards
  3 kobolds
  3 rats
150 creatures vanquished.

Table legend:
 A = Non-vault XP
 B = Vault XP
 C = Vault XP percentage of total XP
 D = Non-vault monster count
 E = Vault monster count
 F = Vault count percentage of total count
                 A         B        C        D         E       F
            +---------+---------+-------+---------+---------+-------
      Total |    2121 |    2052 |  49.2 |     135 |      14 |   9.4
            +---------+---------+-------+---------+---------+-------
        D:1 |      44 |       0 |   0.0 |      17 |       0 |   0.0
        D:2 |      78 |       0 |   0.0 |      16 |       0 |   0.0
        D:3 |     162 |      88 |  35.2 |      30 |       4 |  11.8
        D:4 |     379 |       0 |   0.0 |      27 |       0 |   0.0
        D:5 |     614 |     814 |  57.0 |      20 |       2 |   9.1
        D:6 |     223 |     377 |  62.8 |       5 |       7 |  58.3
        D:7 |     621 |       0 |   0.0 |      20 |       0 |   0.0
        D:8 |       0 |     773 | 100.0 |       0 |       1 | 100.0
            +---------+---------+-------+---------+---------+-------

Skill      XL: |  1  2  3  4  5  6  7  8  9 |
---------------+----------------------------+-----
Armour         | 1 2 3 4 6 8 |  8.4
Axes           | 4 5 |  5.9
Maces & Flails | 3 5 7 |  7.0
Fighting       | |  2.4
Throwing       | |  1.7
Dodging        | |  2.6

Action                     |  1- 3 |  4- 6 |  7- 9 || total
---------------------------+-------+-------+-------++-------
  Melee: War axe           |    49 |    91 |       ||   140
         Hand axe          |       |    91 |       ||    91
         Mace              |       |    31 |   211 ||   242
         Flail             |       |       |    84 ||    84
 Invoke: Curse Item        |       |     1 |     2 ||     3
    Use: Scroll            |     4 |     1 |     3 ||     8
         Potion            |       |     2 |     2 ||     4
 Armour: Leather armour    |     9 |       |       ||     9
         Ring mail         |    15 |    58 |   130 ||   203
  Dodge: Dodged            |    74 |   149 |   213 ||   436

Illustrated notes

Table legend:
 A = Kills in this place as a percentage of kills in the entire game.
 B = Kills by you in this place as a percentage of kills by you in the entire game.
 C = Kills by friends in this place as a percentage of kills by friends in the entire game.
 D = Other kills in this place as a percentage of other kills in the entire game.
 E = Experience gained in this place as a percentage of experience gained in the entire game.
 F = Experience gained in this place divided by the number of levels of this place that you have seen.
                   A       B       C       D       E      F
               +-------+-------+-------+-------+-------+----------------------
         Total | 100.0 | 100.0 |   N/A |   N/A | 100.0 | 463.7
       Dungeon | 100.0 | 100.0 |   N/A |   N/A | 100.0 | 521.6
               +-------+-------+-------+-------+-------+----------------------

Table legend: (Time is in decaauts)
 A = Elapsed time spent in this place.
 B = Non-inter-level travel time spent in this place.
 C = Inter-level travel time spent in this place.
 D = Time resting spent in this place.
 E = Time spent auto-exploring this place.
 F = Levels seen in this place.
 G = Mean time per level.
                   A        B        C        D        E       F      G
               +--------+--------+--------+--------+--------+-----+--------+
         Total |   6627 |   6306 |    321 |    247 |   4776 |   9 |  736.3 |
       Dungeon |   6625 |   6304 |    321 |    247 |   4776 |   8 |  828.1 |
        Temple |      1 |      1 |      0 |      0 |      0 |   1 |    1.0 |
               +--------+--------+--------+--------+--------+-----+--------+

Top non-repeatable levels by time:
     D:5: 1549 daAuts
     D:3: 1248 daAuts
     D:1: 944 daAuts
     D:6: 843 daAuts
     D:4: 753 daAuts
     D:7: 683 daAuts
     D:2: 533 daAuts
     D:8: 68 daAuts
  Temple: 1 daAuts
